 Dungeon Crawl Stone Soup version 0.22-a0-283-g1871b15 (webtiles) character file.

59308 tidbits the Martial Artist (level 14, -2/109 HPs)
             Began as a Gnoll Transmuter on Mar 17, 2018.
             Was an Elder of Cheibriados.
             Slain by a deep elf archer
             ... wielding the +7 rapier of the Saviour {pierce, rElec rPois}
              (13 damage)
             ... on level 1 of the Elven Halls on Mar 18, 2018.
             The game lasted 01:19:22 (6660 turns).

tidbits the Martial Artist (Gnoll Transmuter)       Turns: 6660, Time: 01:19:22

Health: -2/109     AC: 16    Str: 21    XL:     14   Next: 94%
Magic:  26/28      EV: 24    Int: 28    God:    Cheibriados [****..]
Gold:   287        SH:  0    Dex: 32    Spells: 14/34 levels left

rFire    + + +     SeeInvis .     - Unarmed
rCold    . . .     Gourm    .   (shield currently unavailable)
rNeg     . . .     Faith    .   B - +0 troll leather armour
rPois    +         Spirit   .   E - +2 hat
rElec    .         Reflect  .   C - +2 cloak
rCorr    .         Harm     .   (gloves currently unavailable)
MR       +....                  F - +2 pair of boots
Stlth    +++++.....             g - amulet "Daav" {RegenMP *Drain rF++ Dex+5}
HPRegen  0.68/turn              A - ring of protection from fire
MPRegen  0.46/turn              W - ring of wizardry

@: blade hands, very slow
A: distributed training, antennae 1, fangs 1, thin metallic scales 1, poison
resistance, strong nose
a: End Transformation, Bend Time, Temporal Distortion, Slouch, Renounce Religion


You were on level 1 of the Elven Halls.
You worshipped Cheibriados.
Cheibriados was greatly pleased with you.
You were not hungry.
You had blades for hands.
You visited 4 branches of the dungeon, and saw 20 of its levels.
You visited the Abyss 1 time.
You also visited: Sewer.

You collected 1918 gold pieces.
You spent 1631 gold pieces at shops.

Inventory:

Hand Weapons
 b - a +2 dagger of electrocution (melded)
   (You took it off an orc sorcerer on level 2 of the Orcish Mines)
 Q - a +0 broad axe
 X - a +3 eveningstar
Missiles
 h - 185 arrows
 n - 27 tomahawks (quivered)
 T - 4 javelins
Armour
 B - a +0 troll leather armour (worn)
 C - a +2 cloak (worn)
 D - a +0 shield of protection
   (You bought it in a shop on level 2 of the Orcish Mines)
 E - a +2 hat (worn)
 F - a +2 pair of boots (worn)
 G - a +0 pair of gloves (melded)
 U - a +0 shield of reflection (melded)
   (You took it off Donald on level 1 of the Elven Halls)
Magical Staves
 p - an uncursed staff of summoning
   (You found it on level 5 of the Dungeon)
Jewellery
 e - an uncursed ring of fire
   (You bought it in a shop on level 2 of the Orcish Mines)
 g - the amulet "Daav" (around neck) {RegenMP *Drain rF++ Dex+5}
   (You bought it in a shop on level 2 of the Orcish Mines)

   [amulet of magic regeneration]

   It increases your magic regeneration.
   It affects your dexterity (+5).
   It greatly protects you from fire.
   It causes draining when unequipped.
 A - a ring of protection from fire (left scythe-like blade)
   (You found it on level 8 of the Dungeon)
 S - an uncursed ring of flight
   (You found it on level 11 of the Dungeon)
 W - a ring of wizardry (right scythe-like blade)
   (You found it on level 12 of the Dungeon)
Wands
 d - a wand of digging (13)
 w - a wand of enslavement (20)
 z - a wand of iceblast (9)
 L - a wand of paralysis (5)
 M - a wand of polymorph (1)
Scrolls
 f - 6 scrolls of teleportation
 m - 2 scrolls of immolation
 r - 2 scrolls of remove curse
 t - 3 scrolls of fear
 v - 2 scrolls of magic mapping
 x - 2 scrolls of enchant armour
 y - a scroll of amnesia
 H - 2 scrolls of vulnerability
 I - 4 scrolls of torment
 J - a scroll of silence {unknown}
 K - 3 scrolls of enchant weapon
 N - 2 scrolls of fog
 P - a scroll of brand weapon {unknown}
 Z - a scroll of blinking {unknown}
Potions
 a - a potion of cancellation {unknown}
 i - 7 potions of brilliance
 j - 3 potions of curing
 k - 2 potions of ambrosia {unknown}
 l - 5 potions of heal wounds
 o - 2 potions of mutation {!q}
 q - a potion of might
 s - a potion of invisibility
 u - 2 potions of flight
 V - a potion of magic {unknown}
 Y - a potion of agility
Miscellaneous
 R - a sack of spiders
Comestibles
 c - 12 rations


   Skills:
 + Level 9.8 Fighting
 + Level 9.5 Short Blades
 + Level 9.5 Long Blades
 + Level 9.5 Axes
 + Level 9.5 Maces & Flails
 + Level 9.5 Polearms
 + Level 9.5 Staves
 + Level 9.5 Slings
 + Level 9.5 Bows
 + Level 9.5 Crossbows
 + Level 9.5 Throwing
 + Level 9.5 Armour
 + Level 10.5 Dodging
 + Level 9.5 Stealth
 + Level 9.5 Shields
 + Level 11.3 Unarmed Combat
 + Level 10.6 Spellcasting
 + Level 7.9 Conjurations
 + Level 7.9 Hexes
 + Level 7.9 Charms
 + Level 7.9 Summonings
 + Level 7.9 Necromancy
 + Level 7.9 Translocations
 + Level 8.9 Transmutations
 + Level 7.9 Fire Magic
 + Level 7.9 Ice Magic
 + Level 7.9 Air Magic
 + Level 7.9 Earth Magic
 + Level 7.9 Poison Magic
 + Level 10.3 Invocations
 + Level 9.5 Evocations


You had 14 spell levels left.
You knew the following spells:

 Your Spells              Type           Power        Failure   Level  Hunger
e - Beastly Appendage     Tmut           ######       2%          1    None
h - Blade Hands           Tmut           ######....   11%         5    ###....
i - Ice Form              Ice/Tmut       ######..     7%          4    None
k - Sticks to Snakes      Tmut           ######..     3%          2    None
p - Spider Form           Tmut/Pois      ######....   4%          3    None
v - Borgnjor's Vile Clut  Necr/Erth      ######....   12%         5    ###....


Dungeon Overview and Level Annotations

Branches:
Dungeon (15/15)            Temple (1/1) D:6            Lair (0/6) D:9
    Orc (2/2) D:10            Elf (2/3) Orc:2        Vaults (0/5) D:14
 Depths: D:15

Altars:
Ashenzari
Cheibriados
Dithmenos
Elyvilon
Fedhas
Gozag
Hepliaklqana
Nemelex Xobeh
Okawaru
Qazlal
Ru
Sif Muna
Uskayaw
Wu Jian
Yredelemnul
The Shining One
Beogh

Shops:
D:5 [   D:7 ?=   D:9 [   Orc:2 =([*   Elf:1 (


Innate Abilities, Weirdness & Mutations

Your experience applies equally to all skills.
You have very sharp teeth.
Your uncanny sense of smell can sniff out nearby items.
You have a pair of small antennae on your head.
You are partially covered in thin metallic scales. (AC +2)
Your system is resistant to poisons. (rPois)


Message History

Unknown command.
You can feel time thicken for a moment.
You feel somewhat more hungry.
The deep elf archer shoots an arrow.
The arrow barely misses you.
Unknown command.
The deep elf demonologist casts a spell.
The deep elf knight completely misses you.
You slash the deep elf knight! Your bite misses the deep elf knight.
The deep elf knight is heavily wounded.
The deep elf knight barely misses you.
You hit the deep elf knight but do no damage.
You bite the deep elf knight, but do no damage.
The deep elf knight is heavily wounded.
The deep elf demonologist gestures wildly while chanting.
Unknown command.
You can feel time thicken for a moment.
You feel somewhat more hungry.
Cheibriados lowers the support of your attributes as your movement quickens.
The deep elf knight barely misses you.
You can feel time thicken for a moment.
You kill the deep elf knight!
Cheibriados appreciates the change of pace.
You kill the deep elf archer!
Cheibriados appreciates the change of pace.
You kill the sun demon!
You feel somewhat more hungry.
You can no longer step out of the time flow.
Cheibriados lowers the support of your attributes as your movement quickens.
Unknown command.
Your hands revert to their normal proportions.
Your +2 dagger of electrocution unmelds from your body.
Your +0 pair of gloves unmelds from your body.
Your +0 shield of reflection unmelds from your body.
You hear the crackle of electricity.
The Ice Fiend calls on the powers of darkness!
Your body is wracked with pain!
* * * LOW HITPOINT WARNING * * *
Unknown command.
You can feel time thicken for a moment.
You kill the deep elf demonologist!
Cheibriados appreciates the change of pace.
The Ice Fiend disappears in a puff of smoke!
You feel somewhat more hungry.
Cheibriados lowers the support of your attributes as your movement quickens.
Unknown command.
There is an open door, spattered with blood here.
Items here: ( )) [[[ †
Okay, then.
Items here: ( )) [ an uncursed shortbow; an uncursed short sword; 8 arrows; a leather armour You see here a dagger.
Things that are here:
an enchanted rapier; an elf skeleton
Things that are here:
a short sword; an elf skeleton
Okay, then.
Okay, then.
There is an open door here.
A deep elf mage comes into view. It is wielding a long sword.
A deep elf annihilator comes into view. It is wielding a short sword.
The deep elf annihilator moves out of view.
Casting: Blade Hands (safe; 2% risk of failure)
Confirm with . or Enter, or press ? or * to list all spells.
Your hands turn into razor-sharp scythe blades.
Your +2 dagger of electrocution melds into your body.
Your +0 pair of gloves melds into your body.
Your +0 shield of reflection melds into your body.
Your +2 dagger of electrocution stops crackling.
The deep elf mage shouts!
You hear a shout! x3
The deep elf mage points at you and mumbles some strange words.
The stone arrow misses you.
You hit the deep elf mage.
The deep elf mage is lightly wounded.
The deep elf mage barely misses you.
You shred the deep elf mage!!!
You kill the deep elf mage!
Cheibriados thoroughly appreciates the change of pace.
You hear a shout!
A deep elf archer comes into view.
It is wielding a faintly glowing rapier {pierce}.
The deep elf archer moves out of view.
The deep elf annihilator mumbles some strange words.
The deep elf annihilator blinks!
The deep elf annihilator hits you but does no damage.
Items here: $ ) [ † a long sword; a leather armour; 21 gold pieces; an elf corpse Unknown command.
You shred the deep elf annihilator!!!
The deep elf annihilator is almost dead.
The deep elf annihilator points at you and mumbles some strange words.
The crystal spear hits you!
* * * LOW HITPOINT WARNING * * *
You slice the deep elf annihilator!!
You kill the deep elf annihilator!
Cheibriados thoroughly appreciates the change of pace.
The deep elf archer unwields an uncursed faintly glowing rapier {pierce}.
The deep elf archer wields an uncursed shortbow.
The deep elf archer shoots an arrow.
The arrow hits you!
* * * LOW HITPOINT WARNING * * *
The deep elf archer unwields an uncursed shortbow.
The deep elf archer wields an uncursed faintly glowing rapier {pierce}.
The deep elf archer hits you with an uncursed faintly glowing rapier {pierce}!
You die...

****** ********* *****
**,,,,***.......###*** **,,,**
*,,,,,,*,,.......',,,* **,,,,,**
*,,,,,,..........',,,***,,,,,,,*
*,,,,,,..........#*,,,,+,,,,,,,*
**,,,,,,...e,....#*,,,,+,,,,,,**
**,,,,,#...,,...**,,***,,,,,***
*++***#''#**#e#**,,* ****,,,**
*,,* #..# #@# *,,* **,,,,,, #.,*
#..####(###..# **,,,,,,,
#..####............#**,,,,,,,,
#........###.........+,,,,,,,,
#.......## #..####..#*,,,,,,,,
#..####.# #..# *,.#*,,,,,,,.
##''####'####..# *..#*,,,,,,,#
*#...........#''## #..#*,,,,,#+#
*................###..#*****+#)#


You could see a deep elf archer.

Vanquished Creatures
  2 tentacled starspawn (Abyss:3)
  Donald (Elf:1)
  An orc warlord (Orc:2)
  A deep elf demonologist (Elf:1)
  A deep elf annihilator (Elf:1)
  2 hydras
  A centaur warrior (D:13)
  4 dancing weapons
  5 two-headed ogres
  Urug (D:12)
  5 deep elf knights (Elf:1)
  A shadow wraith (Abyss:3)
  3 unseen horrors (D:12)
  A flayed ghost (Abyss:3)
  2 deep elf archers (Elf:1)
  30 deep elf magi
  A frost giant zombie (Abyss:3)
  A wolf spider zombie (D:14)
  4 orc sorcerers
  An ugly thing (D:13)
  3 cyclopes (D:14)
  5 manticores
  An apocalypse crab (Abyss:3)
  2 centaur skeletons (D:14)
  2 smoke demons (Abyss:3)
  2 kobold demonologists
  An ice devil (Abyss:3)
  A harpy zombie (Abyss:3)
  An ancient zyme (Abyss:3)
  2 hornets
  5 trolls
  5 large abominations (Abyss:3)
  3 meliai (D:15)
  A raiju (Abyss:3)
  A water elemental (Elf:1)
  A wyvern (D:10)
  A vampire (D:10)
  2 shadows
  9 yaks
  3 vampire mosquitoes (D:13)
  2 basilisks
  2 hungry ghosts
  5 wargs
  An acid dragon (D:11)
  3 soldier ants
  4 ice beasts
  A hornet zombie (D:10)
  A phantom (D:13)
  25 orc warriors
  An eye of draining (shapeshifter) (D:14)
  3 sky beasts
  A black bear (D:10)
  A necrophage (D:12)
  9 ogres
  5 centaurs
  A crocodile (D:14)
  7 big kobolds
  7 bullfrogs
  A wyvern zombie (D:13)
  A small abomination (Abyss:3)
  An earth elemental (Elf:2)
  2 scorpions
  A wyvern skeleton (D:9)
  5 killer bees
  3 wights (D:6)
  3 howler monkeys
  A bullfrog zombie (D:10)
  7 crimson imps
  The ghost of nikopol the Firebug, a weakling DEFE of Sif Muna (D:3)
  2 centaur zombies
  5 hounds
  4 jellies
  19 orc priests
  A bullfrog skeleton (D:5)
  An iguana (D:4)
  26 orc wizards
  10 worker ants
  A hound zombie (D:10)
  2 hound skeletons
  A worker ant zombie (D:11)
  14 adders
  7 river rats
  3 shadow imps
  An adder skeleton (D:6)
  A dart slug (D:3)
  3 worms
  2 leopard geckos
  91 orcs
  A bat (D:2)
  A giant cockroach (D:6)
  3 goblins
  6 hobgoblins
  5 quokkas
  A ball python (Sewer)
  11 frilled lizards
  14 kobolds
  11 rats
471 creatures vanquished.

Vanquished Creatures (collateral kills)
  An ice beast (D:7)
  An ogre (D:8)
  2 killer bees (D:10)
  A crimson imp (D:6)
  A jelly (D:4)
  An adder (D:2)
  An ooze (D:3)
  4 orcs
  A quokka (D:3)
13 creatures vanquished.

Vanquished Creatures (others)
  A centaur skeleton (D:13)
  2 killer bees (D:12)
  An orc wizard (D:12)
  A goblin (D:5)
  5 starspawn tentacles (Abyss:3)
10 creatures vanquished.

Grand Total: 494 creatures vanquished

Notes
Turn   | Place    | Note
-------+----------+-------------------------------------------
     0 | D:1      | tidbits the Gnoll Transmuter began the quest for the Orb.
     0 | D:1      | Reached XP level 1. HP: 17/17 MP: 6/6
   124 | D:2      | Reached XP level 2. HP: 20/23 MP: 5/7
   131 | D:2      | Learned a level 2 spell: Sticks to Snakes
   215 | D:2      | Reached skill level 5 in Spellcasting
   215 | D:2      | Reached XP level 3. HP: 14/28 MP: 4/9
   220 | D:2      | Learned a level 3 spell: Spider Form
   267 | D:2      | HP: 1/28 [kobold/dagger (4)]
   434 | D:3      | Reached skill level 1 in Invocations
   441 | D:3      | Reached skill level 1 in Short Blades
   441 | D:3      | Reached skill level 1 in Long Blades
   441 | D:3      | Reached skill level 1 in Axes
   441 | D:3      | Reached skill level 1 in Maces & Flails
   441 | D:3      | Reached skill level 1 in Polearms
   441 | D:3      | Reached skill level 1 in Staves
   441 | D:3      | Reached skill level 1 in Slings
   441 | D:3      | Reached skill level 1 in Bows
   441 | D:3      | Reached skill level 1 in Crossbows
   441 | D:3      | Reached skill level 1 in Throwing
   441 | D:3      | Reached skill level 1 in Armour
   441 | D:3      | Reached skill level 1 in Stealth
   441 | D:3      | Reached skill level 1 in Shields
   441 | D:3      | Reached skill level 1 in Evocations
   441 | D:3      | Reached XP level 4. HP: 29/34 MP: 3/11
   532 | D:3      | Noticed nikopol's ghost (weakling DEFE)
   552 | D:3      | Killed nikopol's ghost
   552 | D:3      | Reached skill level 1 in Conjurations
   552 | D:3      | Reached skill level 1 in Hexes
   552 | D:3      | Reached skill level 1 in Charms
   552 | D:3      | Reached skill level 1 in Summonings
   552 | D:3      | Reached skill level 1 in Necromancy
   552 | D:3      | Reached skill level 1 in Translocations
   552 | D:3      | Reached skill level 1 in Fire Magic
   552 | D:3      | Reached skill level 1 in Ice Magic
   552 | D:3      | Reached skill level 1 in Air Magic
   552 | D:3      | Reached skill level 1 in Earth Magic
   552 | D:3      | Reached skill level 1 in Poison Magic
   580 | D:4      | Reached XP level 5. HP: 22/40 MP: 2/12
   646 | D:4      | Reached skill level 3 in Fighting
   660 | D:4      | Reached skill level 4 in Transmutations
   666 | D:4      | Reached skill level 2 in Invocations
   666 | D:4      | Reached XP level 6. HP: 17/47 MP: 4/13
   680 | D:5      | Entered Level 5 of the Dungeon
   698 | D:5      | Found Tamac's Armour Shop.
   763 | D:5      | Noticed a hand axe
   763 | D:5      | Noticed a dagger
   764 | D:5      | Found a hide-covered altar of Uskayaw.
   781 | D:5      | Noticed a sky beast
   792 | D:5      | Killed a sky beast
   792 | D:5      | Reached skill level 2 in Short Blades
   792 | D:5      | Reached skill level 2 in Long Blades
   792 | D:5      | Reached skill level 2 in Axes
   792 | D:5      | Reached skill level 2 in Maces & Flails
   792 | D:5      | Reached skill level 2 in Polearms
   792 | D:5      | Reached skill level 2 in Staves
   792 | D:5      | Reached skill level 2 in Slings
   792 | D:5      | Reached skill level 2 in Bows
   792 | D:5      | Reached skill level 2 in Crossbows
   792 | D:5      | Reached skill level 2 in Throwing
   792 | D:5      | Reached skill level 2 in Armour
   792 | D:5      | Reached skill level 5 in Dodging
   792 | D:5      | Reached skill level 2 in Stealth
   792 | D:5      | Reached skill level 2 in Shields
   792 | D:5      | Reached skill level 2 in Evocations
   865 | D:5      | Got a crude flail
   866 | D:5      | Identified the +5 flail of the Known World {venom, rC- Str+2 Dex+4} (You found it on level 5 of the Dungeon)
   886 | D:5      | Found a white marble altar of Elyvilon.
   988 | D:4      | Reached XP level 7. HP: 49/52 MP: 10/15
  1105 | D:5      | Found a sparkling altar of Nemelex Xobeh.
  1106 | D:5      | Found an opulent altar of Gozag.
  1142 | D:5      | Bought a +0 buckler for 49 gold pieces
  1142 | D:5      | Bought a cursed +0 pair of gloves for 16 gold pieces
  1216 | D:5      | Reached skill level 7 in Unarmed Combat
  1258 | D:5      | Found a glowing drain.
  1282 | Sewer    | Entered a sewer
  1289 | Sewer    | Learned a level 4 spell: Ice Form
  1441 | Sewer    | Reached skill level 2 in Conjurations
  1441 | Sewer    | Reached skill level 2 in Hexes
  1441 | Sewer    | Reached skill level 2 in Charms
  1441 | Sewer    | Reached skill level 2 in Summonings
  1441 | Sewer    | Reached skill level 2 in Necromancy
  1441 | Sewer    | Reached skill level 2 in Translocations
  1441 | Sewer    | Reached skill level 2 in Fire Magic
  1441 | Sewer    | Reached skill level 2 in Ice Magic
  1441 | Sewer    | Reached skill level 2 in Air Magic
  1441 | Sewer    | Reached skill level 2 in Earth Magic
  1441 | Sewer    | Reached skill level 2 in Poison Magic
  1681 | D:7      | Learned a level 5 spell: Blade Hands
  1753 | D:7      | Reached skill level 3 in Invocations
  1783 | D:6      | Reached XP level 8. HP: 51/60 MP: 12/16
  1840 | D:6      | Reached skill level 4 in Fighting
  1840 | D:6      | Reached skill level 3 in Short Blades
  1840 | D:6      | Reached skill level 3 in Long Blades
  1840 | D:6      | Reached skill level 3 in Axes
  1840 | D:6      | Reached skill level 3 in Maces & Flails
  1840 | D:6      | Reached skill level 3 in Polearms
  1840 | D:6      | Reached skill level 3 in Staves
  1840 | D:6      | Reached skill level 3 in Slings
  1840 | D:6      | Reached skill level 3 in Bows
  1840 | D:6      | Reached skill level 3 in Crossbows
  1840 | D:6      | Reached skill level 3 in Throwing
  1840 | D:6      | Reached skill level 3 in Armour
  1840 | D:6      | Reached skill level 3 in Stealth
  1840 | D:6      | Reached skill level 3 in Shields
  1840 | D:6      | Reached skill level 3 in Evocations
  1876 | D:6      | Found a staircase to the Ecumenical Temple.
  1885 | Temple   | Entered the Ecumenical Temple
  1898 | Temple   | Became a worshipper of Cheibriados the Contemplative
  1925 | D:6      | Reached skill level 6 in Spellcasting
  2061 | D:7      | Found Jiull's Jewellery Shop.
  2124 | D:7      | Found a stormy altar of Qazlal.
  2207 | D:8      | Noticed a two-headed ogre
  2216 | D:8      | Noticed a two-headed ogre
  2219 | D:8      | Killed a two-headed ogre
  2219 | D:8      | Reached skill level 4 in Short Blades
  2219 | D:8      | Reached skill level 4 in Long Blades
  2219 | D:8      | Reached skill level 4 in Axes
  2219 | D:8      | Reached skill level 4 in Maces & Flails
  2219 | D:8      | Reached skill level 4 in Polearms
  2219 | D:8      | Reached skill level 4 in Staves
  2219 | D:8      | Reached skill level 4 in Slings
  2219 | D:8      | Reached skill level 4 in Bows
  2219 | D:8      | Reached skill level 4 in Crossbows
  2219 | D:8      | Reached skill level 4 in Throwing
  2219 | D:8      | Reached skill level 4 in Armour
  2219 | D:8      | Reached skill level 6 in Dodging
  2219 | D:8      | Reached skill level 4 in Stealth
  2219 | D:8      | Reached skill level 4 in Shields
  2219 | D:8      | Reached skill level 3 in Conjurations
  2219 | D:8      | Reached skill level 3 in Hexes
  2219 | D:8      | Reached skill level 3 in Charms
  2219 | D:8      | Reached skill level 3 in Summonings
  2219 | D:8      | Reached skill level 3 in Necromancy
  2219 | D:8      | Reached skill level 3 in Translocations
  2219 | D:8      | Reached skill level 5 in Transmutations
  2219 | D:8      | Reached skill level 3 in Fire Magic
  2219 | D:8      | Reached skill level 3 in Ice Magic
  2219 | D:8      | Reached skill level 3 in Air Magic
  2219 | D:8      | Reached skill level 3 in Earth Magic
  2219 | D:8      | Reached skill level 3 in Poison Magic
  2219 | D:8      | Reached skill level 4 in Invocations
  2219 | D:8      | Reached skill level 4 in Evocations
  2219 | D:8      | Reached XP level 9. HP: 48/67 MP: 11/18
  2234 | D:8      | Killed a two-headed ogre
  2234 | D:8      | Reached skill level 5 in Fighting
  2234 | D:8      | Reached skill level 8 in Unarmed Combat
  2252 | D:8      | Reached skill level 5 in Invocations
  2283 | D:8      | Upgraded the game from 0.22-a0-282-gdd34a7d to 0.22-a0-283-g1871b15
  2293 | D:8      | Reached * piety under Cheibriados
  2320 | D:8      | Reached XP level 10. HP: 53/74 MP: 0/20
  2345 | D:7      | Found Caulejem's Magic Scroll Emporium.
  2348 | D:7      | Bought a scroll of fear for 45 gold pieces
  2348 | D:7      | Bought a scroll of random uselessness for 13 gold pieces
  2348 | D:7      | Bought a scroll of noise for 13 gold pieces
  2348 | D:7      | Bought a scroll of immolation for 45 gold pieces
  2348 | D:7      | Bought a scroll of magic mapping for 45 gold pieces
  2348 | D:7      | Bought a scroll of magic mapping for 45 gold pieces
  2348 | D:7      | Bought a scroll of fog for 26 gold pieces
  2478 | D:10     | Entered Level 10 of the Dungeon
  2526 | D:8      | Noticed a two-headed ogre
  2541 | D:8      | Killed a two-headed ogre
  2541 | D:8      | Reached skill level 5 in Short Blades
  2541 | D:8      | Reached skill level 5 in Long Blades
  2541 | D:8      | Reached skill level 5 in Axes
  2541 | D:8      | Reached skill level 5 in Maces & Flails
  2541 | D:8      | Reached skill level 5 in Polearms
  2541 | D:8      | Reached skill level 5 in Staves
  2541 | D:8      | Reached skill level 5 in Slings
  2541 | D:8      | Reached skill level 5 in Bows
  2541 | D:8      | Reached skill level 5 in Crossbows
  2541 | D:8      | Reached skill level 5 in Throwing
  2541 | D:8      | Reached skill level 5 in Armour
  2541 | D:8      | Reached skill level 5 in Stealth
  2541 | D:8      | Reached skill level 5 in Shields
  2541 | D:8      | Reached skill level 7 in Spellcasting
  2541 | D:8      | Reached skill level 4 in Conjurations
  2541 | D:8      | Reached skill level 4 in Hexes
  2541 | D:8      | Reached skill level 4 in Charms
  2541 | D:8      | Reached skill level 4 in Summonings
  2541 | D:8      | Reached skill level 4 in Necromancy
  2541 | D:8      | Reached skill level 4 in Translocations
  2541 | D:8      | Reached skill level 4 in Fire Magic
  2541 | D:8      | Reached skill level 4 in Ice Magic
  2541 | D:8      | Reached skill level 4 in Air Magic
  2541 | D:8      | Reached skill level 4 in Earth Magic
  2541 | D:8      | Reached skill level 4 in Poison Magic
  2541 | D:8      | Reached skill level 5 in Evocations
  2626 | D:9      | Reached skill level 7 in Dodging
  2658 | D:9      | Found Nyxt's Antique Armour Emporium.
  2660 | D:9      | Found a staircase to the Lair.
  2742 | D:9      | Noticed a two-headed ogre
  2749 | D:9      | Killed a two-headed ogre
  2749 | D:9      | Reached skill level 6 in Fighting
  2749 | D:9      | Reached skill level 6 in Transmutations
  2749 | D:9      | Reached skill level 6 in Invocations
  2937 | D:10     | Reached ** piety under Cheibriados
  3049 | D:10     | Reached XP level 11. HP: 69/82 MP: 7/22
  3054 | D:10     | Noticed a two-headed ogre
  3060 | D:10     | Killed a two-headed ogre
  3142 | D:10     | You fall through a shaft!
  3264 | D:11     | Noticed a manticore
  3268 | D:11     | Killed a manticore
  3268 | D:11     | Reached skill level 6 in Short Blades
  3268 | D:11     | Reached skill level 6 in Long Blades
  3268 | D:11     | Reached skill level 6 in Axes
  3268 | D:11     | Reached skill level 6 in Maces & Flails
  3268 | D:11     | Reached skill level 6 in Polearms
  3268 | D:11     | Reached skill level 6 in Staves
  3268 | D:11     | Reached skill level 6 in Slings
  3268 | D:11     | Reached skill level 6 in Bows
  3268 | D:11     | Reached skill level 6 in Crossbows
  3268 | D:11     | Reached skill level 6 in Throwing
  3268 | D:11     | Reached skill level 6 in Armour
  3268 | D:11     | Reached skill level 6 in Stealth
  3268 | D:11     | Reached skill level 6 in Shields
  3268 | D:11     | Reached skill level 9 in Unarmed Combat
  3268 | D:11     | Reached skill level 6 in Evocations
  3321 | D:10     | Reached skill level 5 in Conjurations
  3321 | D:10     | Reached skill level 5 in Hexes
  3321 | D:10     | Reached skill level 5 in Charms
  3321 | D:10     | Reached skill level 5 in Summonings
  3321 | D:10     | Reached skill level 5 in Necromancy
  3321 | D:10     | Reached skill level 5 in Translocations
  3321 | D:10     | Reached skill level 5 in Fire Magic
  3321 | D:10     | Reached skill level 5 in Ice Magic
  3321 | D:10     | Reached skill level 5 in Air Magic
  3321 | D:10     | Reached skill level 5 in Earth Magic
  3321 | D:10     | Reached skill level 5 in Poison Magic
  3379 | D:10     | Reached *** piety under Cheibriados
  3401 | D:10     | Reached skill level 8 in Spellcasting
  3558 | D:12     | Got a shimmering ring mail
  3569 | D:12     | Identified the cursed +1 ring mail of Vyivuypt {-Tele Str+4} (You found it on level 12 of the Dungeon)
  3796 | D:11     | Reached **** piety under Cheibriados
  3867 | D:12     | Noticed a five-headed hydra
  3873 | D:12     | Killed a five-headed hydra
  3894 | D:12     | Killed an unseen horror
  3894 | D:12     | Reached skill level 7 in Fighting
  3894 | D:12     | Reached skill level 8 in Dodging
  3894 | D:12     | Reached skill level 7 in Invocations
  3947 | D:13     | Noticed a centaur warrior
  3949 | D:13     | Noticed a manticore
  3963 | D:13     | Killed a centaur warrior
  3963 | D:13     | Reached XP level 12. HP: 51/91 MP: 14/24
  4124 | D:13     | Gained mutation: Your system is resistant to poisons. (rPois) [potion of mutation]
  4124 | D:13     | Gained mutation: You are partially covered in thin metallic scales. (AC +2) [potion of mutation]
  4124 | D:13     | Gained mutation: You have a pair of small antennae on your head. [potion of mutation]
  4132 | D:14     | Noticed a centaur warrior
  4149 | D:13     | Reached skill level 7 in Transmutations
  4178 | D:14     | Identified a scroll of acquirement
  4217 | D:14     | Reached skill level 7 in Short Blades
  4217 | D:14     | Reached skill level 7 in Long Blades
  4217 | D:14     | Reached skill level 7 in Axes
  4217 | D:14     | Reached skill level 7 in Maces & Flails
  4217 | D:14     | Reached skill level 7 in Polearms
  4217 | D:14     | Reached skill level 7 in Staves
  4217 | D:14     | Reached skill level 7 in Slings
  4217 | D:14     | Reached skill level 7 in Bows
  4217 | D:14     | Reached skill level 7 in Crossbows
  4217 | D:14     | Reached skill level 7 in Throwing
  4217 | D:14     | Reached skill level 7 in Armour
  4217 | D:14     | Reached skill level 7 in Stealth
  4217 | D:14     | Reached skill level 7 in Shields
  4217 | D:14     | Reached skill level 7 in Evocations
  4273 | D:14     | Reached skill level 6 in Conjurations
  4273 | D:14     | Reached skill level 6 in Hexes
  4273 | D:14     | Reached skill level 6 in Charms
  4273 | D:14     | Reached skill level 6 in Summonings
  4273 | D:14     | Reached skill level 6 in Necromancy
  4273 | D:14     | Reached skill level 6 in Translocations
  4273 | D:14     | Reached skill level 6 in Fire Magic
  4273 | D:14     | Reached skill level 6 in Ice Magic
  4273 | D:14     | Reached skill level 6 in Air Magic
  4273 | D:14     | Reached skill level 6 in Earth Magic
  4273 | D:14     | Reached skill level 6 in Poison Magic
  4286 | D:14     | Found a gate to the Vaults.
  4357 | D:14     | Reached skill level 8 in Invocations
  4416 | D:14     | Reached skill level 9 in Spellcasting
  4436 | D:15     | Entered Level 15 of the Dungeon
  4669 | D:15     | Noticed a seven-headed hydra
  4672 | D:15     | Reached skill level 8 in Fighting
  4672 | D:15     | Reached skill level 10 in Unarmed Combat
  4674 | D:15     | Killed a seven-headed hydra
  4778 | D:14     | Reached skill level 9 in Dodging
  4822 | D:12     | Noticed Urug
  4836 | D:12     | Killed Urug
  4841 | D:12     | Reached XP level 13. HP: 86/98 MP: 21/26
  5011 | D:12     | Reached ***** piety under Cheibriados
  5274 | D:10     | Found a staircase to the Orcish Mines.
  5296 | Orc:1    | Entered Level 1 of the Orcish Mines
  5307 | Orc:1    | Reached skill level 8 in Short Blades
  5307 | Orc:1    | Reached skill level 8 in Long Blades
  5307 | Orc:1    | Reached skill level 8 in Axes
  5307 | Orc:1    | Reached skill level 8 in Maces & Flails
  5307 | Orc:1    | Reached skill level 8 in Polearms
  5307 | Orc:1    | Reached skill level 8 in Staves
  5307 | Orc:1    | Reached skill level 8 in Slings
  5307 | Orc:1    | Reached skill level 8 in Bows
  5307 | Orc:1    | Reached skill level 8 in Crossbows
  5307 | Orc:1    | Reached skill level 8 in Throwing
  5307 | Orc:1    | Reached skill level 8 in Armour
  5307 | Orc:1    | Reached skill level 8 in Stealth
  5307 | Orc:1    | Reached skill level 8 in Shields
  5307 | Orc:1    | Reached skill level 8 in Evocations
  5385 | Orc:2    | Entered Level 2 of the Orcish Mines
  5570 | Orc:2    | Found a roughly hewn altar of Beogh.
  5589 | Orc:2    | Found Sekifuk's Assorted Antiques.
  5616 | Orc:2    | Bought a small opal ring for 190 gold pieces
  5616 | Orc:2    | Bought a viscous coppery potion for 34 gold pieces
  5625 | Orc:2    | Bought a scroll of identify for 76 gold pieces
  5690 | Orc:2    | Found a roughly hewn altar of Beogh.
  5740 | Orc:2    | Found a roughly hewn altar of Beogh.
  5872 | Orc:2    | Noticed an orc warlord
  5886 | Orc:2    | Killed an orc warlord
  5886 | Orc:2    | Reached skill level 9 in Invocations
  5911 | Orc:2    | Found Boneffeh's Antique Armour Boutique.
  5925 | Orc:2    | Found a roughly hewn altar of Beogh.
  5932 | Orc:2    | Found Zeypatae's Antique Weapon Shop.
  5954 | Orc:2    | Bought a glowing shield for 262 gold pieces
  6052 | Orc:2    | Found a staircase to the Elven Halls.
  6076 | Orc:2    | Reached skill level 8 in Transmutations
  6084 | Orc:2    | Found a roughly hewn altar of Beogh.
  6096 | Orc:2    | Found Berphe Oklo's Jewellery Shoppe.
  6104 | Orc:2    | Bought the amulet "Daav" {RegenMP *Drain rF++ Dex+5} for 772 gold pieces
  6131 | Elf:1    | Entered Level 1 of the Elven Halls
  6139 | Elf:1    | Reached skill level 7 in Conjurations
  6139 | Elf:1    | Reached skill level 7 in Hexes
  6139 | Elf:1    | Reached skill level 7 in Charms
  6139 | Elf:1    | Reached skill level 7 in Summonings
  6139 | Elf:1    | Reached skill level 7 in Necromancy
  6139 | Elf:1    | Reached skill level 7 in Translocations
  6139 | Elf:1    | Reached skill level 7 in Fire Magic
  6139 | Elf:1    | Reached skill level 7 in Ice Magic
  6139 | Elf:1    | Reached skill level 7 in Air Magic
  6139 | Elf:1    | Reached skill level 7 in Earth Magic
  6139 | Elf:1    | Reached skill level 7 in Poison Magic
  6150 | Elf:1    | Reached skill level 9 in Fighting
  6156 | Elf:1    | Found Wuxtuzymaz's Weapon Boutique.
  6188 | Elf:1    | Reached skill level 10 in Spellcasting
  6190 | Elf:1    | Reached XP level 14. HP: 71/108 MP: 28/28
  6281 | Elf:1    | Noticed Donald
  6292 | Elf:1    | Killed Donald
  6297 | Elf:1    | Reached skill level 10 in Dodging
  6322 | Elf:1    | Reached skill level 9 in Short Blades
  6322 | Elf:1    | Reached skill level 9 in Long Blades
  6322 | Elf:1    | Reached skill level 9 in Axes
  6322 | Elf:1    | Reached skill level 9 in Maces & Flails
  6322 | Elf:1    | Reached skill level 9 in Polearms
  6322 | Elf:1    | Reached skill level 9 in Staves
  6322 | Elf:1    | Reached skill level 9 in Slings
  6322 | Elf:1    | Reached skill level 9 in Bows
  6322 | Elf:1    | Reached skill level 9 in Crossbows
  6322 | Elf:1    | Reached skill level 9 in Throwing
  6322 | Elf:1    | Reached skill level 9 in Armour
  6322 | Elf:1    | Reached skill level 9 in Stealth
  6322 | Elf:1    | Reached skill level 9 in Shields
  6322 | Elf:1    | Reached skill level 11 in Unarmed Combat
  6322 | Elf:1    | Reached skill level 9 in Evocations
  6359 | Elf:1    | Identified the Handbook of the Dusty Blaze
  6367 | Elf:1    | Learned a level 5 spell: Borgnjor's Vile Clutch
  6404 | Elf:1    | Noticed a deep elf demonologist
  6405 | Elf:1    | Cast into level 3 of the Abyss (a deep elf demonologist)
  6417 | Abyss:3  | Found a corrupted altar of Lugonu.
  6455 | Abyss:3  | Noticed a tentacled starspawn
  6461 | Abyss:3  | Killed a tentacled starspawn
  6461 | Abyss:3  | Reached skill level 10 in Invocations
  6484 | Abyss:3  | Found a viscous altar of Jiyva.
  6495 | Abyss:3  | Noticed a starcursed mass
  6563 | Abyss:3  | Noticed a tentacled starspawn
  6572 | Abyss:3  | Killed a tentacled starspawn
  6623 | Elf:1    | Escaped the Abyss
  6628 | Elf:1    | Noticed an Ice Fiend
  6631 | Elf:1    | Killed a deep elf demonologist
  6653 | Elf:1    | Noticed a deep elf annihilator
  6659 | Elf:1    | Killed a deep elf annihilator
  6659 | Elf:1    | HP: 10/109 [deep elf archer/arrow (7)]
  6660 | Elf:1    | Identified the +7 rapier of the Saviour {pierce, rElec rPois}
  6660 | Elf:1    | Slain by a deep elf archer

Vault maps used:
D:1:      dpeg_arrival_rooms_c, serial_bayou_lagoon_a
D:2:      hangedman_abyss_or_decor_stabs
D:3:      nicolae_gozag_cash_rules_everything_around_me
D:4:      grunt_temple_overflow_lords_of_destruction, first_ration,
          kennysheep_nondescript, kennysheep_potato, uniq_menkaure
D:5:      grunt_temple_overflow_opulence, dancing_weapons_uskayaw,
          elyvilon_altar_4, serial_shops, nicolae_shop_waterfront,
          kennysheep_little_box, lightli_sewer_entry_pipes,
          okawaru_altar_gauntlet_db
D:6:      kiku_gazebo_garden_becter, minmay_temple_entry_mist, feat_on_display
D:7:      lemuel_crystal_altar, kennysheep_mini, serial_shops,
          nicolae_shop_statue_plus, kennysheep_mini_moat, the_bakery
D:9:      erik_lair_orcish_takeover, serial_shops, shop, minmay_misc_feat_roman
D:10:     hiddenorc1_lemuel, hex_tiny, minmay_item_behind_shaft
D:12:     uniq_urug
D:14:     erik_vaults_1
D:15:     grunt_enter_depths_snipers, fedhas_altar_4
Temple:   cyrus_circular_temple
Orc:2:    grunt_orc_community_town_hall, grunt_orc_community_big_house_2,
          grunt_orc_community_big_house_2, grunt_orc_community_house_2,
          grunt_orc_community_house_2, grunt_orc_community_house_2,
          grunt_orc_community_house_1, grunt_orc_community_house_3,
          grunt_orc_community_house_3, basic_altar, serial_shops, shop
Elf:1:    minmay_elf_arrival_summoners, serial_shops, shop,
          hangedman_elf_represent, elves_outpost_lemuel, minmay_shop_star,
          uniq_roxanne, uniq_donald
Elf:2:    serial_shops, shop, serial_sigils_hangedman_writhe
Abyss:3:  bh_abyss_exit_grid, hangedman_abyss_or_decor_lesser_grid,
          doesnt_abyss_rune_brain_food, bh_silent_lugonu_exit
Sewer:    sewer_co_cracked_pipes

Skill      XL: |  1  2  3  4  5  6  7  8  9 10 11 12 13 14 |
---------------+-------------------------------------------+-----
Spellcasting   | 5 6 7 8 9 10 | 10.6
Invocations    | 1 2 3 4 5 6 7 8 9 10 | 10.3
Short Blades   | 1 2 4 5 6 7 8 9 |  9.5
Long Blades    | 1 2 4 5 6 7 8 9 |  9.5
Axes           | 1 2 4 5 6 7 8 9 |  9.5
Maces & Flails | 1 2 4 5 6 7 8 9 |  9.5
Polearms       | 1 2 4 5 6 7 8 9 |  9.5
Staves         | 1 2 4 5 6 7 8 9 |  9.5
Slings         | 1 2 4 5 6 7 8 9 |  9.5
Bows           | 1 2 4 5 6 7 8 9 |  9.5
Crossbows      | 1 2 4 5 6 7 8 9 |  9.5
Throwing       | 1 2 4 5 6 7 8 9 |  9.5
Armour         | 1 2 4 5 6 7 8 9 |  9.5
Stealth        | 1 2 4 5 6 7 8 9 |  9.5
Shields        | 1 2 4 5 6 7 8 9 |  9.5
Evocations     | 1 2 4 5 6 7 8 9 |  9.5
Conjurations   | 1 2 3 4 5 6 7 |  7.9
Hexes          | 1 2 3 4 5 6 7 |  7.9
Charms         | 1 2 3 4 5 6 7 |  7.9
Summonings     | 1 2 3 4 5 6 7 |  7.9
Necromancy     | 1 2 3 4 5 6 7 |  7.9
Translocations | 1 2 3 4 5 6 7 |  7.9
Fire Magic     | 1 2 3 4 5 6 7 |  7.9
Ice Magic      | 1 2 3 4 5 6 7 |  7.9
Air Magic      | 1 2 3 4 5 6 7 |  7.9
Earth Magic    | 1 2 3 4 5 6 7 |  7.9
Poison Magic   | 1 2 3 4 5 6 7 |  7.9
Fighting       | 3 4 5 6 7 8 9 |  9.8
Transmutations | 4 5 6 7 8 |  8.9
Dodging        | 5 6 7 8 9 10 | 10.5
Unarmed Combat | 7 8 9 10 11 | 11.3

Action                   |  1- 3 |  4- 6 |  7- 9 | 10-12 | 13-15 || total
-------------------------+-------+-------+-------+-------+-------++-------
Melee: Unarmed           |    56 |    64 |   151 |   264 |   291 ||   826
       Bite              |     3 |     1 |     7 |    51 |    47 ||   109
       Kick              |     1 |       |     4 |       |       ||     5
       Punch             |     1 |       |     1 |    12 |    16 ||    30
       Headbutt          |     2 |       |     1 |     1 |       ||     4
       Flail             |       |       |    71 |    21 |       ||    92
       Dagger            |       |       |       |    21 |    32 ||    53
Throw: Tomahawk          |       |       |    12 |    14 |     9 ||    35
 Cast: Beastly Appendage |     9 |       |     7 |     1 |       ||    17
       Sticks to Snakes  |     2 |     3 |    12 |    18 |     8 ||    43
       Spider Form       |     3 |    11 |    12 |     1 |       ||    27
       Ice Form          |       |       |     6 |       |       ||     6
       Blade Hands       |       |       |     1 |    37 |    35 ||    73
Invok: Bend Time         |       |       |     4 |     2 |       ||     6
       Slouch            |       |       |       |     4 |    12 ||    16
 Abil: End Transformatio |       |       |     3 |     1 |     5 ||     9
Evoke: Wand              |       |     3 |     1 |    21 |    12 ||    37
  Use: Potion            |     1 |     1 |       |     2 |       ||     4
       Scroll            |       |     5 |     4 |    12 |     6 ||    27
 Stab: Sleeping          |     1 |       |     5 |    13 |    22 ||    41
       Distracted        |       |       |       |     1 |     4 ||     5
       Paralysed         |       |       |       |       |     2 ||     2
  Eat: Ration            |       |     1 |       |     3 |     1 ||     5
       Chunk             |       |       |     5 |     7 |     6 ||    18
Armor: Robe              |     3 |     1 |     6 |    16 |       ||    26
       Skin              |     2 |     1 |    14 |       |       ||    17
       Troll leather arm |       |       |       |    29 |    84 ||   113
Dodge: Dodged            |    43 |    44 |   151 |   208 |   250 ||   696
Block: Buckler           |       |       |    11 |    23 |    10 ||    44
       Shield            |       |       |       |       |    16 ||    16

Table legend:
 A = Spawn XP
 B = Non-spawn XP
 C = Spawn XP percentage of total XP
 D = Spawn monster count
 E = Non-spawn monster count
 F = Spawn count percentage of total count
 G = Total turns spent on level
                    A         B        C        D         E        F      G
               +---------+---------+-------+---------+---------+-------+---------
         Total |    7943 |   76783 |   9.4 |      10 |     477 |   2.1 |  6660
               +---------+---------+-------+---------+---------+-------+---------
           D:1 |       0 |       9 |   0.0 |       0 |       5 |   0.0 |   115
           D:2 |       0 |      37 |   0.0 |       0 |      10 |   0.0 |   266
           D:3 |       0 |     118 |   0.0 |       0 |      13 |   0.0 |   185
           D:4 |       0 |     309 |   0.0 |       0 |      17 |   0.0 |   248
           D:5 |       0 |     322 |   0.0 |       0 |      17 |   0.0 |   508
           D:6 |       0 |     570 |   0.0 |       0 |      15 |   0.0 |   284
           D:7 |       0 |     477 |   0.0 |       0 |      15 |   0.0 |   311
           D:8 |       0 |    3656 |   0.0 |       0 |      18 |   0.0 |   310
           D:9 |       0 |    2537 |   0.0 |       0 |      17 |   0.0 |   368
          D:10 |       0 |    3535 |   0.0 |       0 |      49 |   0.0 |   569
          D:11 |       0 |    1637 |   0.0 |       0 |      24 |   0.0 |   518
          D:12 |       0 |    6444 |   0.0 |       0 |      32 |   0.0 |   428
          D:13 |       0 |    6882 |   0.0 |       0 |      30 |   0.0 |   288
          D:14 |       0 |    6500 |   0.0 |       0 |      29 |   0.0 |   337
          D:15 |       0 |    3282 |   0.0 |       0 |      13 |   0.0 |   299
        Temple |       0 |      34 |   0.0 |       0 |       1 |   0.0 |    27
         Orc:1 |       0 |    1607 |   0.0 |       0 |      22 |   0.0 |   210
         Orc:2 |       0 |    7174 |   0.0 |       0 |      80 |   0.0 |   625
         Elf:1 |       0 |   26894 |   0.0 |       0 |      40 |   0.0 |   255
         Elf:2 |       0 |    2132 |   0.0 |       0 |       4 |   0.0 |    56
       Abyss:3 |    7943 |    2571 |  75.5 |      10 |       8 |  55.6 |   218
         Sewer |       0 |      56 |   0.0 |       0 |      18 |   0.0 |   235
               +---------+---------+-------+---------+---------+-------+---------

Table legend:
 A = Turns spent in this place as a percentage of turns spent in the entire game.
 B = Non-inter-level travel turns spent in this place as a percentage of non-inter-level travel turns spent in the entire game.
 C = Inter-level travel turns spent in this place as a percentage of turns spent in this place.
 D = Turns resting spent in this place as a percentage of non-inter-level travel turns spent in this place.
 E = Turns spent auto-exploring this place as a percentage of non-inter-level travel turns spent in this place.
 F = Non-inter-level travel turns spent in this place divided by the number of levels of this place that you've seen.
                   A       B       C       D       E      F
               +-------+-------+-------+-------+-------+----------------------
         Total | 100.0 | 100.0 |   0.6 |   0.0 |   0.0 | 300.9
       Dungeon |  75.6 |  75.4 |   0.8 |   0.0 |   0.0 | 332.9
        Temple |   0.4 |   0.4 |   0.0 |   0.0 |   0.0 |  27.0
  Orcish Mines |  12.5 |  12.6 |   0.0 |   0.0 |   0.0 | 417.5
   Elven Halls |   4.7 |   4.7 |   0.0 |   0.0 |   0.0 | 155.5
         Abyss |   3.3 |   3.3 |   0.0 |   0.0 |   0.0 | 218.0
         Sewer |   3.5 |   3.6 |   0.0 |   0.0 |   0.0 | 235.0
               +-------+-------+-------+-------+-------+----------------------

Table legend:
 A = Kills in this place as a percentage of kills in entire the game.
 B = Kills by you in this place as a percentage of kills by you in the entire game.
 C = Kills by friends in this place as a percentage of kills by friends in the entire game.
 D = Other kills in this place as a percentage of other kills in the entire game.
 E = Experience gained in this place as a percentage of experience gained in the entire game.
 F = Experience gained in this place divided by the number of levels of this place that you have seen.
                   A       B       C       D       E      F
               +-------+-------+-------+-------+-------+----------------------
         Total | 100.0 | 100.0 | 100.0 | 100.0 | 100.0 | 3851.2
       Dungeon |  62.4 |  61.1 | 100.0 | 100.0 |  42.9 | 2421.0
        Temple |   0.2 |   0.2 |   0.0 |   0.0 |   0.0 |  34.0
  Orcish Mines |  20.9 |  21.7 |   0.0 |   0.0 |  10.4 | 4390.5
   Elven Halls |   9.0 |   9.3 |   0.0 |   0.0 |  34.3 | 14513.0
         Abyss |   3.7 |   3.8 |   0.0 |   0.0 |  12.4 | 10514.0
         Sewer |   3.7 |   3.8 |   0.0 |   0.0 |   0.1 |  56.0
               +-------+-------+-------+-------+-------+----------------------

Vault maps used:
D:1:      dpeg_arrival_rooms_c, serial_bayou_lagoon_a
D:2:      hangedman_abyss_or_decor_stabs
D:3:      nicolae_gozag_cash_rules_everything_around_me
D:4:      grunt_temple_overflow_lords_of_destruction, first_ration,
          kennysheep_nondescript, kennysheep_potato, uniq_menkaure
D:5:      grunt_temple_overflow_opulence, dancing_weapons_uskayaw,
          elyvilon_altar_4, serial_shops, nicolae_shop_waterfront,
          kennysheep_little_box, lightli_sewer_entry_pipes,
          okawaru_altar_gauntlet_db
D:6:      kiku_gazebo_garden_becter, minmay_temple_entry_mist, feat_on_display
D:7:      lemuel_crystal_altar, kennysheep_mini, serial_shops,
          nicolae_shop_statue_plus, kennysheep_mini_moat, the_bakery
D:9:      erik_lair_orcish_takeover, serial_shops, shop, minmay_misc_feat_roman
D:10:     hiddenorc1_lemuel, hex_tiny, minmay_item_behind_shaft
D:12:     uniq_urug
D:14:     erik_vaults_1
D:15:     grunt_enter_depths_snipers, fedhas_altar_4
Temple:   cyrus_circular_temple
Orc:2:    grunt_orc_community_town_hall, grunt_orc_community_big_house_2,
          grunt_orc_community_big_house_2, grunt_orc_community_house_2,
          grunt_orc_community_house_2, grunt_orc_community_house_2,
          grunt_orc_community_house_1, grunt_orc_community_house_3,
          grunt_orc_community_house_3, basic_altar, serial_shops, shop
Elf:1:    minmay_elf_arrival_summoners, serial_shops, shop,
          hangedman_elf_represent, elves_outpost_lemuel, minmay_shop_star,
          uniq_roxanne, uniq_donald
Elf:2:    serial_shops, shop, serial_sigils_hangedman_writhe
Abyss:3:  bh_abyss_exit_grid, hangedman_abyss_or_decor_lesser_grid,
          doesnt_abyss_rune_brain_food, bh_silent_lugonu_exit
Sewer:    sewer_co_cracked_pipes
